 Dungeon Crawl Stone Soup version 0.31-a0-810-ga77100ea1a (webtiles) character file.

Game seed: 10301341760427861533

149 Newt the Shooter (level 5, -1/33 HPs)
             Began as a Kobold Hunter on Sept 21, 2023.
             Slain by a sickly merfolk siren (17 damage)
             ... in a sewer.
             The game lasted 00:01:57 (1861 turns).

Newt the Shooter (Kobold Hunter)                    Turns: 1861, Time: 00:01:57

Health: -1/33      AC:  3    Str:  8    XL:     5   Next: 56%
Magic:  5/5        EV: 14    Int: 10    God:
Gold:   106        SH:  0    Dex: 21    Spells: 4/4 levels left

rFire   . . .        a - +0 shortbow
rCold   . . .        (shield currently unavailable)
rNeg    . . .        c - +0 leather armour
rPois   .            f - +0 hat
rElec   .            (no cloak)
rCorr   .            (no gloves)
SInv    .            (no boots)
Will    .....        (no amulet)
Stlth   +++          (no ring)
HPRegen 0.25/turn    (no ring)
MPRegen 0.09/turn

%: no passive effects
@: no status effects
A: small, no large weapons, nightstalker 3
a: no special abilities


You were in a sewer.
You visited 1 branch of the dungeon, and saw 3 of its levels.
You also visited: Sewer.

You collected 106 gold pieces.

Inventory:

Hand Weapons
 a - a +0 shortbow (weapon)
Armour
 c - a +0 leather armour (worn)
 f - a +0 hat (worn)
Wands
 g - a wand of paralysis (8)
Scrolls
 b - a scroll of butterflies
 d - 3 scrolls of identify
Potions
 e - a potion of degeneration
 h - a potion of brilliance


   Skills:
 - Level 4.0 Fighting
 + Level 7.4 Ranged Weapons
 - Level 2.4 Dodging
 - Level 1.3 Stealth


You had 4 spell levels left.
You didn't know any spells.
Your spell library contained the following spells:

 Spells                   Type           Power      Damage    Failure   Level
 Shock                    Conj/Air       0%         1d3       50%         1
 Summon Small Mammal      Summ           0%         N/A       50%         1
 Call Canine Familiar     Summ           0%         N/A       86%         3
 Summon Guardian Golem    Hex/Summ       0%         N/A       86%         3
 Swiftness                Air            0%         N/A       86%         3
 Airstrike                Air            0%         2d(0-16)  99%         4
 Leda's Liquefaction      Hex/Erth       0%         N/A       99%         4
 Lee's Rapid Deconstruct  Erth           0%         3d4*      100%        5
 Leda's Unmaking          Conj/Erth      0%         9d1       100%        6


Dungeon Overview and Level Annotations

Branches:
Dungeon (3/15)              Sewer (1/1)

Altars:


Innate Abilities, Weirdness & Mutations

You are small and have problems with some larger weapons.
You are completely attuned to the shadows.


Message History

You shoot an arrow. The arrow hits the frilled lizard.
You kill the frilled lizard!
You shoot an arrow. The arrow hits the rat.
The rat is heavily wounded.
The rat closely misses you.
You shoot an arrow. The arrow hits the rat.
You kill the rat!
The sickly merfolk siren chants a haunting song.
You are mesmerised by the sickly merfolk siren!
You shoot an arrow.
The arrow hits the sickly merfolk siren.
The sickly merfolk siren is moderately wounded.
You break out of your daze!
You shoot an arrow.
The arrow hits the sickly merfolk siren but does no damage.
The sickly merfolk siren is moderately wounded.
The sickly merfolk siren hits you!
You shoot an arrow.
The arrow misses the sickly merfolk siren.
The sickly merfolk siren misses you.
You shoot an arrow.
The arrow hits the sickly merfolk siren but does no damage.
The sickly merfolk siren is moderately wounded.
The sickly merfolk siren chants a haunting song.
You are mesmerised by the sickly merfolk siren!
You shoot an arrow.
The arrow closely misses the sickly merfolk siren.
You are no longer entranced.
The sickly merfolk siren misses you.
You shoot an arrow.
The arrow hits the sickly merfolk siren.
The sickly merfolk siren is moderately wounded.
The sickly merfolk siren hits you.
The sickly merfolk siren barely misses you.
You shoot an arrow.
The arrow hits the sickly merfolk siren.
The sickly merfolk siren is heavily wounded.
The sickly merfolk siren hits you!
Ouch! That really hurt!
You die...

## ..## ~..†##
~~...#######
≈~~~....m@.#
≈≈~†~~~~##.#
##†###≈≈≈#.# ### ..~
###≈~†#############..
$$
#≈≈~~~†~~~~~~~†..~.
##########≈~≈≈≈≈≈≈≈
############
#∩∩~~~~..†..
###~~~.#####


You could see a sickly merfolk siren.

Vanquished Creatures
  2 river rats
  8 adders
  A worm (D:2)
  A dart slug (D:1)
  2 orcs (D:3)
  5 bats
  3 endoplasms
  2 giant cockroaches
  2 hobgoblins (D:1)
  6 jackals (D:2)
  A quokka (D:2)
  5 ball pythons
  2 frilled lizards (Sewer)
  4 kobolds
  15 rats
59 creatures vanquished.

Notes
Turn   | Place    | Note
-------+----------+-------------------------------------------
     0 | D:1      | Newt the Kobold Hunter began the quest for the Orb.
     0 | D:1      | Reached XP level 1. HP: 12/12 MP: 1/1
   130 | D:1      | Reached XP level 2. HP: 18/18 MP: 2/2
  1081 | D:2      | Reached XP level 3. HP: 23/23 MP: 3/3
  1191 | D:2      | Reached XP level 4. HP: 29/29 MP: 4/4
  1301 | D:2      | Reached skill level 6 in Ranged Weapons
  1595 | D:3      | Found a faded altar of an unknown god.
  1686 | D:3      | Reached XP level 5. HP: 33/33 MP: 5/5
  1688 | D:3      | Found a glowing drain.
  1699 | Sewer    | Entered a sewer
  1720 | Sewer    | Reached skill level 7 in Ranged Weapons
  1861 | Sewer    | Slain by a sickly merfolk siren

Illustrated notes

Levels and vault maps discovered:
D:1:      lightli_arrival_windingriver, layout_basic
D:2:      layout_rooms
D:3:      kb_forest_paths, layout_basic, gup_sewer_entry_bubbles,
          basic_ecumenical_altar, uniq_terence, uniq_grinder,
          uniq_crazy_yiuf_cottage
Sewer:    sewer_sea

Skill      XL: |  1  2  3  4  5 |
---------------+----------------+-----
Fighting       | 3 4 |  4.0
Ranged Weapons | 6 7 |  7.4
Dodging        | |  2.4
Stealth        | |  1.3

Action                     |  1- 3 |  4- 6 || total
---------------------------+-------+-------++-------
   Fire: Shortbow          |    71 |    87 ||   158
    Use: Scroll            |     4 |     3 ||     7
 Armour: Leather armour    |    11 |    24 ||    35
  Dodge: Dodged            |    24 |    44 ||    68

Table legend: (Time is in decaauts)
 A = Elapsed time spent in this place.
 B = Non-inter-level travel time spent in this place.
 C = Inter-level travel time spent in this place.
 D = Time resting spent in this place.
 E = Time spent auto-exploring this place.
 F = Levels seen in this place.
 G = Mean time per level.
                   A        B        C        D        E       F      G
               +--------+--------+--------+--------+--------+-----+--------+
         Total |   1924 |   1827 |     97 |      0 |   1440 |   4 |  481.0 |
       Dungeon |   1746 |   1649 |     97 |      0 |   1329 |   3 |  582.0 |
         Sewer |    178 |    178 |      0 |      0 |    111 |   1 |  178.0 |
               +--------+--------+--------+--------+--------+-----+--------+

Top non-repeatable levels by time:
     D:1: 978 daAuts
     D:2: 584 daAuts
     D:3: 183 daAuts
   Sewer: 178 daAuts
